 Dungeon Crawl Stone Soup version 0.31-a0-208-gdb31a4691d (webtiles) character file.

Game seed: 14188231870700852338

1775 lunkers the Martial Artist (level 9, -2/64 HPs)
             Began as a Meteoran Wanderer on June 28, 2023.
             Was a Believer of Okawaru.
             Slain by a howler monkey (3 damage)
             ... on level 7 of the Dungeon.
             The game lasted 00:09:10 (2717 turns).

lunkers the Martial Artist (Meteoran Wanderer)      Turns: 2717, Time: 00:09:10

Health: -2/64      AC:  2    Str: 13    XL:     9   Next: 53%
Magic:  13/14      EV: 23    Int: 20    God:    Okawaru [**....]
Gold:   1301       SH:  0    Dex: 18    Spells: 8/13 levels left

rFire   . .          .
                       - Unarmed
rCold   . . .        (shield currently unavailable)
rNeg    + . .        l - melded +1 robe of Absence {Will+ Str-5 Dex+2 Archmagi}
rPois   x            (helmet currently unavailable)
rElec   .            (cloak currently unavailable)
rCorr   .            (gloves currently unavailable)
SInv    .            (boots currently unavailable)
Will    +....        e - amulet of magic regeneration
Stlth   ++           p - ring of positive energy
HPRegen 0.30/turn    (no ring)
MPRegen 0.54/turn

%: no passive effects
@: spider-form, heroic, glowing
A: venomous fangs, tiny, sense surroundings 2, otherworldly, glowing, explore
regen
a: End Transformation, Renounce Religion, Heroism


You were on level 7 of the Dungeon.
You worshipped Okawaru.
Okawaru was pleased with you.
You were a venomous arachnid creature.
You visited 2 branches of the dungeon, and saw 8 of its levels.

You collected 1301 gold pieces.

Inventory:

Hand Weapons
 a - a +1 dagger
Armour
 c - a +0 robe
 d - a +1 buckler
 h - +0 ice dragon scales
 l - the +1 robe of Absence (melded) {Will+ Str-5 Dex+2 Archmagi}
   (You found it on level 3 of the Dungeon)

   Str:       It affects your strength (-5).
   Dex:       It affects your dexterity (+2).
   Archmagi:  It increases the power of your magical spells.
   Will:      It increases your willpower.
 s - +0 fire dragon scales
Jewellery
 e - an amulet of magic regeneration (around neck)
 p - a ring of positive energy (left front pincers)
Scrolls
 b - 2 scrolls of blinking
 g - a scroll of enchant weapon
 o - a scroll of enchant armour
Potions
 f - a potion of attraction
 i - 2 potions of enlightenment
 j - a potion of curing
 k - 2 potions of ambrosia
 m - a potion of brilliance
 r - a potion of might {unknown}


   Skills:
 - Level 1.1(6.1) Fighting
 - Level 1.2(6.2) Dodging
 - Level 1.2(6.2) Shields
 * Level 10.7(15.7) Unarmed Combat
 - Level 2.6 Spellcasting
 + Level 7.7 Transmutations
 - Level 2.4 Air Magic
 - Level 4.0 Invocations
 - Level 1.2 Evocations


You had 8 spell levels left.
You knew the following spells:

 Your Spells              Type           Power      Damage    Failure   Level
b - Spider Form           Tmut/Pois      18%        N/A       22%         3
c - Wereblood             Tmut           33%        N/A       4%          2

Your spell library contained the following spells:

 Spells                   Type           Power      Damage    Failure   Level
 Sting                    Tmut/Pois      72%        1d6       11%         1
 Poisonous Vapours        Pois/Air       14%        N/A       32%         2
 Cigotuvi's Dreadful Rot  Necr/Pois/Air  10%        N/A       34%         2


Dungeon Overview and Level Annotations

Branches:
Dungeon (7/15) Zot: 1587   Temple (1/1) D:4 Zot: 533

Altars:
Ashenzari
Dithmenos
Elyvilon
Fedhas
Gozag
Nemelex Xobeh
Okawaru
Qazlal
Sif Muna
Trog
Uskayaw
Wu Jian
Zin
The Shining One

Shops:
D:4 =(*(

Annotations:
D:3 Sigmund


Innate Abilities, Weirdness & Mutations

You are a venomous arachnid creature.
You have venomous fangs.
You are tiny and dextrous.
Your spellcasting is less reliable in this form.
Your armour is entirely melded.
You are incapable of wielding weapons or throwing items.
You passively map the area around you.
You are easily found by Zot.
You glow in the dark.
You regain HP and MP as you explore.


Message History

The orc warrior looks as sick as possible!
The orc warrior is heavily wounded.
The orc warrior completely misses you. The orc barely misses you.
The howler monkey barely misses you.
Unknown command.
You hit the orc warrior but do no damage.
The orc warrior is severely wounded.
The howler monkey hoots and howls with incredible vigour!
The orc warrior completely misses you. The orc barely misses you.
The orc closely misses you.
You hear a shout! x3; You hear an angry hiss.
You hear a shout! x2
Unknown command.
You barely miss the orc warrior.
The orc warrior is severely wounded.
The howler monkey hits you but does no damage.
The orc warrior misses you. The orc hits you with a +0 flail!
* * * LOW HITPOINT WARNING * * *
The orc hits you with a +0 whip.
* * * LOW HITPOINT WARNING * * *
The orc hits you with a +0 mace.
* * * LOW HITPOINT WARNING * * *
You bite the orc warrior!
You kill the orc warrior!
Okawaru accepts your kill. The howler monkey hits you.
* * * LOW HITPOINT WARNING * * *
Unknown command.
You gain the combat prowess of a mighty hero.
Okawaru will no longer gift you throwing weapons.
The orc hits you but does no damage. The orc closely misses you.
The orc hits you with a +0 whip.
* * * LOW HITPOINT WARNING * * *
The howler monkey barely misses you.
You bite the orc!
You kill the orc!
Okawaru accepts your kill. The orc hits you with a +0 mace.
* * * LOW HITPOINT WARNING * * *
The orc misses you. The howler monkey hits you.
You die...

, #. .# , * * #.
#.########### *, , #.
#.#.........# , , , .,*
#. ####....#.####.#
,.$####.##...#....## #.#
*,
......[...#..###.#####.#
,* ##.[..(###..#.#..(....
* , *
#..ho##K##..##(.###.# ,
#..os)#o#...(#.## #.#
......#)##l##.#...# #.#
.#...##+#z..####..# #.# *
* #..##[...[...[##.# #.#
, *
#...####...####...###.. *
*......#.##.##.#.........
..#......#.#....#.####..
*#...### ##)##.. **#.. *
, , ,#..


You could see an orc warrior, a kobold brigand, a howler monkey (catching
breath), an iguana, a wight and 2 orcs.

Vanquished Creatures
  Grinder (D:6)
  A water moccasin (D:7)
  3 ice beasts
  An orc warrior (D:7)
  A black bear (D:4)
  2 ogres
  A bullfrog (D:6)
  2 scorpions
  A howler monkey (D:6)
  2 hounds
  3 orc priests
  A gnoll bouda (D:6)
  A sleepcap (D:4)
  4 iguanas
  2 orc wizards
  5 adders
  8 gnolls
  A shadow imp (D:6)
  2 white imps (D:6)
  2 ufetubi (D:4)
  A worm (D:5)
  A dart slug (D:4)
  23 orcs
  4 ball pythons
  8 endoplasms
  6 giant cockroaches
  9 goblins
  7 hobgoblins
  4 jackals (D:1)
  8 kobolds
  2 quokkas
  5 bats
  4 frilled lizards
  2 rats
128 creatures vanquished.

Notes
Turn   | Place    | Note
-------+----------+-------------------------------------------
     0 | D:1      | lunkers the Meteoran Wanderer began the quest for the Orb.
     0 | D:1      | lunkers set off with the following items: a +0 dagger, a
                  | scroll of blinking, a +0 robe, a +0 buckler; and the
                  | following spell memorised: Sting; and the following spells
                  | available to memorise: Wereblood, Poisonous Vapours,
                  | Cigotuvi's Dreadful Rot, Spider Form.
     0 | D:1      | Reached XP level 1. HP: 16/16 MP: 5/5
    42 | D:1      | Reached skill level 1 in Unarmed Combat
    58 | D:1      | Reached XP level 2. HP: 11/23 MP: 6/6
    60 | D:1      | Reached skill level 2 in Unarmed Combat
   134 | D:1      | Reached XP level 3. HP: 8/28 MP: 2/8
   302 | D:1      | Reached skill level 3 in Unarmed Combat
   306 | D:1      | Learned a level 3 spell: Spider Form
   529 | D:2      | Reached XP level 4. HP: 35/35 MP: 7/9
   629 | D:2      | Reached skill level 4 in Unarmed Combat
   846 | D:2      | Reached XP level 5. HP: 40/40 MP: 4/10
   997 | D:3      | Identified the +1 robe of Absence {Will+ Str-5 Dex+2
                  | Archmagi}
  1018 | D:3      | Noticed Sigmund
  1032 | D:4      | Found Siotyn's Jewellery Shoppe.
  1043 | D:4      | Found Mama's Weapon Shoppe.
  1131 | D:4      | Reached skill level 5 in Unarmed Combat
  1131 | D:4      | Reached XP level 6. HP: 25/47 MP: 8/11
  1159 | D:4      | Found a staircase to the Ecumenical Temple.
  1193 | Temple   | Entered the Ecumenical Temple
  1254 | Temple   | Became a worshipper of Warmaster Okawaru
  1301 | D:4      | Found Romaen's Weapon Shoppe.
  1311 | D:4      | Found Xutopail's Assorted Antiques.
  1328 | D:4      | Reached skill level 1 in Invocations
  1374 | D:4      | Learned a level 2 spell: Wereblood
  1441 | D:4      | Reached skill level 6 in Unarmed Combat
  1511 | D:4      | Noticed a black bear
  1521 | D:4      | Killed a black bear
  1522 | D:4      | Reached XP level 7. HP: 30/52 MP: 7/12
  1596 | D:4      | Reached * piety under Okawaru
  1603 | D:5      | Entered Level 5 of the Dungeon
  1814 | D:5      | Identified a scroll of acquirement
  1814 | D:5      | Acquired 913 gold pieces
  1906 | D:5      | HP: 1/52 [adder (3)]
  1907 | D:5      | Reached skill level 7 in Unarmed Combat
  1907 | D:5      | Reached skill level 5 in Transmutations
  1907 | D:5      | Reached XP level 8. HP: 1/59 MP: 13/13
  2081 | D:5      | Found a hide-covered altar of Uskayaw.
  2330 | D:6      | Reached skill level 8 in Unarmed Combat
  2361 | D:6      | Reached ** piety under Okawaru
  2494 | D:6      | Reached skill level 9 in Unarmed Combat
  2497 | D:6      | Gained mutation: You passively map the area around you.
                  | [Meteoran growth]
  2497 | D:6      | Reached XP level 9. HP: 13/64 MP: 14/14
  2570 | D:6      | Noticed Grinder
  2582 | D:6      | Killed Grinder
  2637 | D:7      | Reached skill level 10 in Unarmed Combat
  2708 | D:7      | Reached *** piety under Okawaru
  2717 | D:7      | HP: 1/64 [orc/+0 mace (4)]
  2717 | D:7      | Slain by a howler monkey

Illustrated notes

Levels and vault maps discovered:
D:1:      minmay_arrival_stair_chambers, layout_basic, hangedman_glass_teeth
D:2:      minmay_general_purpose_star, layout_basic, minmay_split_cup_large
D:3:      layout_rooms, tgw_kikubaaqudgha, serial_shops,
          nicolae_shop_tiny_glass, uniq_sigmund
D:4:      layout_basic, minmay_temple_entry_statues_fountains, serial_shops,
          nicolae_shop_hallway_stairs, nicolae_shop_stone, shop,
          nicolae_shop_window_shopping, shop, minivault_26
D:5:      layout_layer_cave, amcnicky_altar_gilded
D:6:      layout_loops_ring, uniq_grinder
D:7:      layout_loops_ring, minmay_fractal_squares_gapless_5
Temple:   cyrus_circular_temple

Skill      XL: |  1  2  3  4  5  6  7  8  9 |
---------------+----------------------------+-----
Unarmed Combat | 1 2 3 4 5 6 7 9 10 | 10.7
Transmutations | 3 4 5 6 7 |  7.7
Invocations    | 2 4 |  4.0
Fighting       | |  1.1
Dodging        | |  1.2
Shields        | |  1.2
Spellcasting   | |  2.6
Air Magic      | |  2.4
Evocations     | |  1.2

Action                     |  1- 3 |  4- 6 |  7- 9 || total
---------------------------+-------+-------+-------++-------
  Melee: Dagger            |    73 |       |       ||    73
         Unarmed           |    17 |   147 |   157 ||   321
   Cast: Sting             |    20 |    14 |       ||    34
         Spider Form       |     1 |    17 |    19 ||    37
         Wereblood         |       |       |     2 ||     2
 Invoke: Heroism           |       |       |     3 ||     3
    Use: Scroll            |       |     7 |     5 ||    12
         Potion            |       |       |     3 ||     3
 Armour: Robe              |    17 |    11 |     6 ||    34
         Skin              |       |     6 |    14 ||    20
  Dodge: Dodged            |    40 |    82 |    75 ||   197
  Block: Buckler           |    12 |       |       ||    12

Table legend: (Time is in decaauts)
 A = Elapsed time spent in this place.
 B = Non-inter-level travel time spent in this place.
 C = Inter-level travel time spent in this place.
 D = Time resting spent in this place.
 E = Time spent auto-exploring this place.
 F = Levels seen in this place.
 G = Mean time per level.
                   A        B        C        D        E       F      G
               +--------+--------+--------+--------+--------+-----+--------+
         Total |   2678 |   2613 |     65 |      0 |   1630 |   8 |  334.8 |
       Dungeon |   2611 |   2546 |     65 |      0 |   1588 |   7 |  373.0 |
        Temple |     66 |     66 |      0 |      0 |     42 |   1 |   66.0 |
               +--------+--------+--------+--------+--------+-----+--------+

Top non-repeatable levels by time:
     D:5: 541 daAuts
     D:4: 497 daAuts
     D:1: 480 daAuts
     D:6: 462 daAuts
     D:2: 453 daAuts
     D:3: 93 daAuts
     D:7: 83 daAuts
  Temple: 66 daAuts
